 Dungeon Crawl Stone Soup version 0.31-a0-466-g98c9adc2b6 (webtiles) character file.

Game seed: 7924423907389923774

71 horus123 the Ducker (level 4, -11/28 HPs)
             Began as a Deep Elf Gladiator on Aug 6, 2023.
             Mangled by an ogre
             ... wielding a +0 giant club
              (19 damage)
             ... on level 1 of the Dungeon.
             The game lasted 00:02:54 (1475 turns).

horus123 the Ducker (Deep Elf Gladiator)            Turns: 1475, Time: 00:02:55

Health: -11/28     AC:  9    Str: 13    XL:     4   Next: 5%
Magic:  6/6        EV:  7    Int: 13    God:
Gold:   127        SH:  0    Dex: 16    Spells: 3/3 levels left

rFire   . . .        a - +0 long sword
rCold   + . .        (no shield)
rNeg    . . .        k - +0 chain mail
rPois   .            c - +0 helmet
rElec   .            (no cloak)
rCorr   .            (no gloves)
SInv    .            (no boots)
Will    .....        (no amulet) Stlth
                     g - ring of protection from cold
HPRegen 0.24/turn    (no ring)
MPRegen 0.10/turn

%: no passive effects
@: no status effects
A: no striking features
a: no special abilities


You were on level 1 of the Dungeon.
You visited 1 branch of the dungeon, and saw 2 of its levels.

You collected 127 gold pieces.

Inventory:

Hand Weapons
 a - a +0 long sword (weapon)
Missiles
 d - 3 throwing nets
Armour
 b - a +0 leather armour
 c - a +0 helmet (worn)
 k - a +0 chain mail (worn)
Jewellery
 g - a ring of protection from cold (left hand)
Scrolls
 f - a scroll of revelation {unknown}
 h - 3 scrolls of identify {unknown}
 j - a scroll of poison {unknown}
 m - a scroll of teleportation {unknown}
 n - a scroll of enchant armour {unknown}
 o - a scroll of silence {unknown}
 p - a scroll of summoning {unknown}
Potions
 i - a potion of enlightenment {unknown}
 l - 2 potions of cancellation {unknown}


   Skills:
 - Level 3.0 Fighting
 - Level 2.6 Long Blades
 - Level 2.0 Throwing
 + Level 1.6 Armour
 - Level 3.6 Dodging


You had 3 spell levels left.
You didn't know any spells.
Your spell library was empty.

Dungeon Overview and Level Annotations

Branches:
Dungeon (2/15)

Altars:

Annotations:
D:2 Sigmund


Message History

Level annotation: Sigmund The rat barely misses you.
There is a stone staircase leading up here.
You closely miss the rat. The rat bites you but does no damage.
You barely miss the rat. The rat bites you but does no damage.
You slash the rat!
You kill the rat!
No target in view!
Sigmund is nearby!
You don't know any spells.
Throw: javelin
Press: ? - help, Q - select action, (/) - cycle Shift-Dir - straight line, f - Sigmund
Aim: Sigmund, wielding a +0 scythe and wearing a +0 robe (55% to hit)
You throw a javelin.
The javelin pierces through Sigmund but does no damage.
Sigmund gestures at you while chanting. The magic dart hits you!
There is a stone staircase leading up here.
You climb upwards.
There is a stone staircase leading down here.
Partly explored, can't reach some places.
You see here a +0 dagger.
You see here a +0 dagger.
You see here a +0 club.
There is a stone staircase leading down here.
You climb downwards.
Level annotation: Sigmund The endoplasm quivers.
The ogre shouts!
The ogre hits you with a +0 giant club!!
Ouch! That really hurt!
* * * LOW HITPOINT WARNING * * *
There is a stone staircase leading up, spattered with blood here.
You climb upwards.
There is a stone staircase leading down here.
Okay, then.
You hit the ogre but do no damage.
The ogre hits you with a +0 giant club!!
Ouch! That really hurt!
You die...

#..###..........# #.#
#..P... #..# #..###.###.#
#.# ##...... ##..# #..# #.#
#.# #.# #.##.PP. ....# #..#
#.# #.#####.# ####....
##.## #..#
#.###.....#.####..###. ##.#
#..###..................#.#
.#.##
#...............#.###...).#
.#..###..#.#.#######..#.#
##.####
...........#....@O......#
#.####
.........###.#######..###
#.)...
.##.####.....(...###..#
######
.##.####..........##..# #
.##...................#
########.............##
#....).......##
######.....#.# ##...##.#


You could see an ogre.

Vanquished Creatures
  An adder (D:1)
  A worm (D:2)
  A dart slug (D:1)
  5 bats
  10 endoplasms
  A giant cockroach (D:2)
  6 goblins
  6 hobgoblins
  2 quokkas
  6 ball pythons
  3 frilled lizards
  3 kobolds (D:1)
  6 rats
51 creatures vanquished.

Notes
Turn   | Place    | Note
-------+----------+-------------------------------------------
     0 | D:1      | horus123 the Deep Elf Gladiator began the quest for the
                  | Orb.
     0 | D:1      | Reached XP level 1. HP: 12/12 MP: 3/3
   116 | D:1      | Reached XP level 2. HP: 17/17 MP: 4/4
   404 | D:1      | Found a faded altar of an unknown god.
   425 | D:1      | Reached XP level 3. HP: 10/22 MP: 5/5
  1040 | D:2      | Reached skill level 1 in Armour
  1190 | D:2      | Noticed Sigmund
  1227 | D:1      | Reached XP level 4. HP: 18/28 MP: 6/6
  1472 | D:2      | Noticed an ogre
  1475 | D:1      | Mangled by an ogre

Illustrated notes

Levels and vault maps discovered:
D:1:      minmay_arrival_stair_chambers, layout_loops_ring,
          shapermc_ecumenical_altar_gd, minmay_misc_feat_columns
D:2:      layout_rooms, uniq_sigmund

Skill      XL: |  1  2  3 |
---------------+----------+-----
Fighting       | 2 3 |  3.0
Armour         | 1 |  1.6
Long Blades    | |  2.6
Throwing       | |  2.0
Dodging        | |  3.6

Action                     |  1- 3 |  4- 6 || total
---------------------------+-------+-------++-------
  Melee: Long sword        |   111 |     4 ||   115
  Throw: Javelin           |       |     1 ||     1
   Stab: Sleeping          |     1 |       ||     1
 Armour: Leather armour    |    15 |       ||    15
         Chain mail        |    42 |     2 ||    44
  Dodge: Dodged            |    80 |     1 ||    81

Table legend: (Time is in decaauts)
 A = Elapsed time spent in this place.
 B = Non-inter-level travel time spent in this place.
 C = Inter-level travel time spent in this place.
 D = Time resting spent in this place.
 E = Time spent auto-exploring this place.
 F = Levels seen in this place.
 G = Mean time per level.
                   A        B        C        D        E       F      G
               +--------+--------+--------+--------+--------+-----+--------+
         Total |   1507 |   1492 |     15 |    284 |    778 |   2 |  753.5 |
       Dungeon |   1507 |   1492 |     15 |    284 |    778 |   2 |  753.5 |
               +--------+--------+--------+--------+--------+-----+--------+

Top non-repeatable levels by time:
     D:1: 1248 daAuts
     D:2: 258 daAuts
